 Dungeon Crawl Stone Soup version 0.31-a0-828-gb7646bb5e3 (webtiles) character file.

Game seed: 13833510130159131983

3013045 RepoMan the Skinwalker (level 26, 371/371 (374) HPs)
             Began as a Troll Shapeshifter on Sept 24, 2023.
             Was the Champion of Wu Jian.
             Escaped with the Orb
             ... and 4 runes!
             The game lasted 05:30:57 (46947 turns).

RepoMan the Skinwalker (Troll Shapeshifter)        Turns: 46947, Time: 05:30:57

HP:   371/371 (374) AC: 38    Str: 39    XL:     26   Next: 51%
MP:   30/30         EV: 11    Int:  7    God:    Wu Jian [******]
Gold: 6746          SH: 14    Dex:  8    Spells: 22/27 levels left

rFire   + +          +
                       - Unarmed
rCold   + + .        H - +2 kite shield {rF+}
rNeg    + . .        o - melded +2 robe {rF+}
rPois   ∞            i - +0 mask of the Dragon {Will+ Slay+3 SInv}
rElec   +            R - scarf {repulsion}
rCorr   +            (gloves unavailable)
SInv    +            (boots unavailable)
Will    ++++.        y - amulet of Etwoefa {Spirit rPois rF+ rC+ Dex+3}
Stlth   +            j - ring "Zounn" {rF++ rC+ rCorr MP+9 Dex-3 Stlth+}
HPRegen 1.61/turn    S - ring of the Ban {Fly rPois Will+}
MPRegen 0.22/turn

%: repel missiles, guardian spirit
@: statue-form, enlightened, flying, hasted, studying Long Blades, lightly
drained
A: slow and powerful, torment resistance 1, boosted hp, large, unfitting armour,
claws 3, regeneration 1, (shaggy fur 1), (tough skin 1), hooves 1, deformed
body, deterioration 2, low MP 1, strong 1, inability to drink after injury 1
0: Orb of Zot
}: 4/15 runes: decaying, slimy, silver, gossamer
a: Begin Untransformation, Renounce Religion, Wall Jump, Serpent's Lash,
Heavenly Storm


You escaped.
You worshipped Wu Jian.
Wu Jian was exalted by your worship.
You were a living statue of rough stone.
You visited 12 branches of the dungeon, and saw 56 of its levels.
You visited 1 bazaar.
You also visited: Ice Cave.

You collected 9566 gold pieces.
You spent 2820 gold pieces at shops.

Inventory:

Missiles
 t - 5 curare-tipped darts
Armour
 i - the +0 mask of the Dragon (worn) {Will+ Slay+3 SInv}
   (You found it on level 1 of the Elven Halls)

   Slay+3:    It affects your accuracy & damage with ranged weapons and melee
   (+3).
   Will+:     It increases your willpower.
   SInv:      It lets you see invisible.
 o - a +2 robe of fire resistance (melded)
 v - a +2 cloak of preservation
 B - a scarf of resistance
 H - a +2 kite shield of fire resistance (worn)
 R - a scarf of repulsion (worn)
 T - a +2 tower shield
Jewellery
 c - the amulet of Eskuuk {+Inv rN+ Regen+ rCorr SInv}
   (You found it on level 5 of the Pits of Slime)

   [amulet of regeneration]

   rN+:       It protects you from negative energy.
   SInv:      It lets you see invisible.
   +Inv:      It lets you turn invisible.
   Regen+:    It increases your rate of health regeneration.
   rCorr:     It protects you from acid and corrosion.
 j - the ring "Zounn" (left claw) {rF++ rC+ rCorr MP+9 Dex-3 Stlth+}
   (You found it on level 5 of the Pits of Slime)

   [ring of protection from cold]

   Dex-3:     It affects your dexterity (-3).
   rF++:      It greatly protects you from fire.
   rC+:       It protects you from cold.
   MP+9:      It affects your magic capacity (+9).
   rCorr:     It protects you from acid and corrosion.
   Stlth+:    It makes you more stealthy.
 y - the amulet of Etwoefa (around neck) {Spirit rPois rF+ rC+ Dex+3}
   (You bought it in a shop on level 2 of the Orcish Mines)

   [amulet of guardian spirit]

   Spirit:    It causes incoming damage to be divided between your reserves of
   health and magic.
   Dex+3:     It affects your dexterity (+3).
   rF+:       It protects you from fire.
   rC+:       It protects you from cold.
   rPois:     It protects you from poison
 O - the ring "Dontokupn" {rF+ EV+5}
   (You took it off a deep elf sorcerer on level 3 of the Elven Halls)

   [ring of evasion]

   EV+5:      It affects your evasion (+5).
   rF+:       It protects you from fire.
 S - the ring of the Ban (right claw) {Fly rPois Will+}
   (You found it on level 5 of the Vaults)

   [ring of flight]

   rPois:     It protects you from poison Will+: It increases your willpower.
   Fly:       It grants you flight.
Talismans
 h - a granite talisman (active)
Wands
 d - a wand of acid (51)
 s - a wand of roots (70)
 D - a wand of paralysis (46)
 I - a wand of digging (43)
Scrolls
 e - 24 scrolls of teleportation
 f - 7 scrolls of noise
 g - 13 scrolls of fog
 l - 2 scrolls of butterflies
 p - 4 scrolls of silence
 r - 4 scrolls of fear
 u - 8 scrolls of enchant armour
 w - 7 scrolls of immolation
 x - 10 scrolls of vulnerability
 A - 3 scrolls of revelation
 C - 6 scrolls of poison
 F - 7 scrolls of blinking
 V - 11 scrolls of amnesia
Potions
 b - 11 potions of lignification
 k - 10 potions of mutation
 m - 4 potions of magic
 n - a potion of haste
 q - 4 potions of resistance
 z - 13 potions of curing
 E - 4 potions of cancellation
 G - 13 potions of heal wounds
 M - 6 potions of invisibility
 N - 2 potions of enlightenment
 P - 4 potions of ambrosia
 Q - 3 potions of berserk rage
 U - 7 potions of attraction
 Y - a potion of might
Miscellaneous
 a - a lightning rod (4/4)
 J - a phial of floods
 K - a condenser vane
 L - a sack of spiders
 Z - a phantom mirror


   Skills:
 + Level 21.2 Fighting
 - Level 9.9 Dodging
 - Level 16.6 Shields
 - Level 24.4 Unarmed Combat
 - Level 1.1 Spellcasting
 - Level 5.5 Translocations
 - Level 25.5 Shapeshifting


You had 22 spell levels left.
You knew the following spells:

 Your Spells              Type           Power      Damage    Failure   Level
b - Blink                 Tloc           16%        N/A       9%          2
g - Apportation           Tloc           16%        N/A       5%          1
l - Lesser Beckoning      Tloc           16%        N/A       9%          2

Your spell library contained the following spells:

 Spells                   Type           Power      Damage    Failure   Level
 Gell's Gravitas          Tloc           8%         N/A       16%         3
 Teleport Other           Tloc           8%         N/A       16%         3
 Momentum Strike          Conj/Tloc      8%         3d8       26%         2
 Freeze                   Ice            0%         1d3       45%         1
 Kiss of Death            Conj/Necr      0%         2d5       45%         1
 Magic Dart               Conj           0%         1d3       45%         1
 Necrotise                Necr           0%         1d4       45%         1
 Sandblast                Erth           0%         2d4       45%         1
 Shock                    Conj/Air       0%         1d3       45%         1
 Sting                    Tmut/Pois      0%         1d3       45%         1
 Summon Small Mammal      Summ           0%         N/A       45%         1
 Volatile Blastmotes      Fire/Tloc      8%         2d10      45%         3
 Manifold Assault         Tloc           8%         N/A       47%         4
 Passage of Golubria      Tloc           8%         N/A       47%         4
 Call Imp                 Summ           0%         N/A       61%         2
 Cigotuvi's Dreadful Rot  Necr/Pois/Air  0%         N/A       61%         2
 Ensorcelled Hibernation  Hex/Ice        0%         N/A       61%         2
 Jinxbite                 Hex            0%         N/A       61%         2
 Passwall                 Tmut/Erth      0%         N/A       61%         2
 Scorch                   Fire           0%         2d5       61%         2
 Static Discharge         Conj/Air       0%         2-2/arc   61%         2
 Confusing Touch          Hex            0%         N/A       83%         3
 Dazzling Flash           Conj/Hex       0%         N/A       83%         3
 Frozen Ramparts          Ice            0%         1d1       83%         3
 Hailstorm                Conj/Ice       0%         3d3       83%         3
 Ignite Poison            Fire/Tmut/Pois 0%         N/A       83%         3
 Inner Flame              Hex/Fire       0%         N/A       83%         3
 Mephitic Cloud           Conj/Pois/Air  0%         N/A       83%         3
 Ozocubu's Armour         Ice            0%         N/A       83%         3
 Stone Arrow              Conj/Erth      0%         3d7       83%         3
 Summon Guardian Golem    Hex/Summ       0%         N/A       83%         3
 Swiftness                Air            0%         N/A       83%         3
 Tukima's Dance           Hex            0%         N/A       83%         3
 Vampiric Draining        Necr           0%         2d6       83%         3
 Dimensional Bullseye     Hex/Tloc       2%         N/A       86%         4
 Iskenderun's Mystic Bla  Conj/Tloc      4%         2d3       86%         4
 Vhi's Electric Charge    Tloc/Air       8%         N/A       86%         4
 Airstrike                Air            0%         2d(0-16)  99%         4
 Anguish                  Hex/Necr       0%         N/A       99%         4
 Animate Armour           Summ/Erth      0%         N/A       99%         4
 Animate Dead             Necr           0%         N/A       99%         4
 Brom's Barrelling Bould  Conj/Erth      0%         2d3       99%         4
 Cause Fear               Hex            0%         N/A       99%         4
 Dispel Undead            Necr           0%         3d6       99%         4
 Flame Wave               Conj/Fire      0%         2d4       99%         4
 Fulminant Prism          Conj/Hex       0%         3d5       99%         4
 Leda's Liquefaction      Hex/Erth       0%         N/A       99%         4
 Olgreb's Toxic Radiance  Pois           0%         N/A       99%         4
 Petrify                  Tmut/Erth      0%         N/A       99%         4
 Sticky Flame             Conj/Fire      0%         2d3       99%         4
 Summon Ice Beast         Ice/Summ       0%         N/A       99%         4
 Summon Lightning Spire   Summ/Air       0%         N/A       99%         4
 Summon Forest            Summ/Tloc      2%         N/A       99%         5
 Agony                    Necr           0%         N/A       100%        5
 Alistair's Intoxication  Tmut/Pois      0%         N/A       100%        5
 Arcjolt                  Conj/Air       0%         1d10      100%        5
 Borgnjor's Vile Clutch   Necr/Erth      0%         N/A       100%        5
 Fireball                 Conj/Fire      0%         3d3       100%        5
 Freezing Cloud           Conj/Ice/Air   0%         6-21      100%        5
 Iskenderun's Battlesphe  Conj           0%         2d6       100%        5
 Lee's Rapid Deconstruct  Erth           0%         3d4*      100%        5
 Metabolic Englaciation   Hex/Ice        0%         N/A       100%        5
 Silence                  Hex/Air        0%         N/A       100%        5
 Yara's Violent Unravell  Hex/Tmut       0%         3d3       100%        5
 Conjure Ball Lightning   Conj/Air       0%         3x3d6     100%        6
 Death Channel            Necr           0%         N/A       100%        6
 Dispersal                Tloc           4%         N/A       100%        6
 Eringya's Noxious Bog    Tmut/Pois      0%         4d6       100%        6
 Simulacrum               Ice/Necr       0%         N/A       100%        6
 Summon Cactus Giant      Summ           0%         N/A       100%        6
 Enfeeble                 Hex            0%         N/A       100%        7
 Haunt                    Necr/Summ      0%         N/A       100%        7
 Malign Gateway           Summ/Tloc      2%         N/A       100%        7
 Orb of Destruction       Conj           0%         9d5       100%        7
 Spellforged Servitor     Conj/Summ      0%         N/A       100%        7
 Summon Hydra             Summ           0%         N/A       100%        7
 Discord                  Hex            0%         N/A       100%        8
 Disjunction              Tloc           4%         N/A       100%        8
 Ignition                 Fire           0%         3d3       100%        8
 Infestation              Necr           0%         N/A       100%        8
 Lehudib's Crystal Spear  Conj/Erth      0%         10d2      100%        8
 Maxwell's Capacitive Co  Air            0%         ∞         100%        8
 Summon Horrible Things   Summ           0%         N/A       100%        8
 Shatter                  Erth           0%         3d5*      100%        9


Dungeon Overview and Level Annotations

Branches:
Dungeon (15/15)            Temple (1/1) D:4            Lair (5/5) D:8
  Swamp (4/4) Lair:3       Spider (4/4) Lair:3        Slime (5/5) Lair:4
    Orc (2/2) D:10            Elf (3/3) Orc:2        Vaults (5/5) D:14
  Crypt (3/3) Vaults:3       Tomb (0/3) Crypt:3      Depths (4/4) D:15
    Zot (5/5) Depths:4      IceCv (visited)

Altars:
Ashenzari
Cheibriados
Dithmenos
Elyvilon
Fedhas
Gozag
Hepliaklqana
Kikubaaqudgha
Makhleb
Nemelex Xobeh
Okawaru
Qazlal
Ru
Sif Muna
Trog
Uskayaw
Vehumet
Wu Jian
Xom
Yredelemnul
Zin
The Shining One
Jiyva

Shops:
D:10 *   D:14 *   Orc:2 =(==(   Elf:2 *   Elf:3 :   Vaults:2 =   Vaults:3 [
Depths:3 :   Depths:4 :=:

Portals:
Hell: Depths:1 Depths:2 Depths:3 Depths:4
Abyss: Lair:3 Depths:1 Depths:2 Depths:3 Depths:4
Pandemonium: Depths:1 Depths:2
Ziggurat: Depths:2

Annotations:
D:6 2 runed translucent doors, Nr616's ghost, novice MiGl
Lair:3 2 transporters, Tyvach's ghost, journeyman FoFi
Elf:2 4 runed translucent doors, Kerestru's ghost, adept GrFi


Innate Abilities, Weirdness & Mutations

You are a living statue of rough stone.
Your actions are slow, but your melee attacks are powerful.
You are resistant to unholy torment.
Your maximum health is greatly increased.
Your equipment is partially melded.
You are too large for most types of armour.
You are immune to poison.
You have claws for hands.
Your natural rate of healing is unusually fast.
((You are covered in fur. (AC +1)))
((You have tough skin. (AC +1)))
You have large cloven feet.
Armour fits poorly on your strangely shaped body.
Your body often deteriorates upon taking damage.
Your magical capacity is low. (-10% MP)
Your muscles are strong. (Str +4, Int/Dex -1)
You occasionally lose the ability to drink potions when taking damage.


Message History

You fly upwards.
There is a stone staircase leading down here.
You feel yourself speed up.
You see here a +0 leather armour.
Aiming: Dig
Press: ? - help, Shift-Dir - straight line A rock wall.
This square is covered in magical glow.
The rock shatters into small pieces.
Blink to where?
Press: ? - help, Dir - move target
As you read the scroll of blinking, it crumbles to dust.
Aiming: Dig
Press: ? - help, Shift-Dir - straight line A rock wall.
This square is covered in magical glow.
The rock shatters into small pieces.
Blink to where?
Press: ? - help, Dir - move target
As you read the scroll of blinking, it crumbles to dust.
Aiming: Dig
Press: ? - help, Shift-Dir - straight line You can't see that place.
The rock shatters into small pieces.
Blink to where?
Press: ? - help, Dir - move target
As you read the scroll of blinking, it crumbles to dust.
Aiming: Dig
Press: ? - help, Shift-Dir - straight line You can't see that place. [a rock wall.]
The rock shatters into small pieces.
Blink to where?
Press: ? - help, Dir - move target
As you read the scroll of blinking, it crumbles to dust.
Blink to where?
Press: ? - help, Dir - move target
As you read the scroll of blinking, it crumbles to dust.
You feel more buoyant.
You have escaped!

#.#.###..###.######
#.........##.#
###########..#..#.#
.....§.# ##.##..##
#######..# #.##..#
####### #..#..##.#
#...... #....#.#
#.##### ####...######
#.# #
##..8.#...#####.#####
##.....#............##
##......###.#####.##.##
#...##...#..# #.##.##
#...###..#..# #.##.##
########...# ##.#..#
#.....[ #....##...##
##.#### ##.#.#.
#.#####...####..#
#.#.#. #.# #.....##..##
#.#.#.


There were no monsters in sight!

Vanquished Creatures
  Dissolution (Slime:5)
  the Royal Jelly (Slime:5)
  6 dread liches
  5 ancient liches
  9 orbs of fire (Zot:5)
  Bai Suzhen (Swamp:4)
  2 Killer Klowns (Zot:5)
  9 golden dragons
  2 pandemonium lords
  Nikola (Elf:2)
  A bone dragon (Crypt:3)
  Norris (Depths:1)
  Arachne (Spider:2)
  5 electric golems
  A Tzitzimitl (D:9)
  A shard shrike zombie (Crypt:3)
  Mlioglotl (Spider:1)
  10 tentacled monstrosities
  10 titans
  7 liches
  25 Orb Guardians
  The ghost of confidenceinterval the Messiah, an adept HORe of Beogh (Vaults:1)
  Asterion (Elf:3)
  11 sphinxes
  17 acid blobs
  2 deep elf master archers (Elf:3)
  10 quicksilver dragons
  2 deep elf blademasters (Elf:3)
  2 ancient champions
  A sphinx (shapeshifter) (Vaults:5)
  Frances (Elf:1)
  5 death cobs
  11 tengu reavers
  13 shadow dragons
  3 revenants
  13 storm dragons
  Aizul (Spider:1)
  4 draconian monks
  Roxanne (Spider:3)
  11 rockslimes
  3 emperor scorpions (Spider:4)
  5 fenstrider witches (Swamp:4)
  8 azure jellies
  3 draconian knights
  10 fire giants
  10 frost giants
  6 deep elf sorcerers
  A balrug (Depths:4)
  3 curse skulls
  An iron dragon (Depths:2)
  5 draconian scorchers
  18 vault wardens
  7 deep elf elementalists (Elf:3)
  A caustic shrike zombie (Crypt:3)
  Louise (Spider:1)
  An angel (D:10)
  9 ghost moths
  7 ghouls
  A cacodemon (Depths:2)
  2 orc warlords
  3 draconian stormcallers
  3 draconian shifters
  12 very ugly things
  5 war gargoyles
  16 ironbound preservers
  A spriggan defender (Depths:2)
  A draconian annihilator (Zot:4)
  A reaper (Zot:5)
  12 quicksilver oozes
  A caustic shrike skeleton (Crypt:3)
  6 green draconians
  A lorocyproca (D:12)
  2 vampire knights
  4 formless jellyfish
  7 deep elf demonologists
  6 eleionomae (Swamp:3)
  5 bunyips
  17 stone giants
  7 ironbound thunderhulks
  11 red draconians
  7 dire elephants
  8 black draconians
  6 yellow draconians
  9 purple draconians
  6 spark wasps
  2 deep elf annihilators (Elf:3)
  7 white draconians
  3 blizzard demons
  5 eidola
  9 deep elf death magi
  12 ettins
  7 jiangshi
  5 entropy weavers
  A mummy priest (Crypt:3)
  2 shambling mangroves (Swamp:4)
  3 fire dragons
  22 yaktaur captains
  10 great orbs of eyes
  7 deep elf high priests
  Fannar (D:11)
  10 hydras
  7 ice dragons
  5 spriggan air magi
  2 hell beasts
  8 ogre magi
  A catoblepas (D:14)
  25 two-headed ogres
  34 vault guards
  A ghost crab (Swamp:4)
  3 jorogumos (Spider:4)
  3 ironbound frosthearts
  Erica (D:10)
  7 alligators
  3 rakshasas
  3 death knights
  6 boulder beetles
  3 radroaches (Spider:4)
  10 dancing weapons
  14 centaur warriors
  4 deep troll shamans
  5 demonic crawlers
  5 tengu warriors
  3 death yaks (D:12)
  A bennu skeleton (Crypt:2)
  7 vampire magi
  14 hell knights
  6 spriggan berserkers
  22 deep elf knights
  A shock serpent (shapeshifter) (Vaults:5)
  A sun demon (Depths:4)
  11 deep troll earth magi
  2 orc high priests
  3 soul eaters
  13 iron trolls
  A storm dragon zombie (Crypt:1)
  11 pharaoh ants
  2 sun moths
  3 sixfirhies
  A sea snake (shapeshifter) (Vaults:4)
  29 skeletal warriors
  4 goliath frogs
  3 spriggan druids
  53 deep trolls
  4 flayed ghosts
  A bunyip zombie (Swamp:2)
  4 skysharks
  10 orb spiders
  11 bog bodies
  4 glowing orange brains
  A glowing orange brain (shapeshifter) (Depths:4)
  8 orc knights
  23 ironbound convokers
  2 swamp dragons
  An anaconda skeleton (Crypt:3)
  7 lindwurms
  A bunyip skeleton (Crypt:3)
  26 deep elf zephyrmancers
  7 deep elf archers
  9 phantasmal warriors
  6 necromancers
  11 wizards
  An iron giant skeleton (Crypt:1)
  8 steelbarb worms
  30 deep elf pyromancers
  A frost giant zombie (Vaults:4)
  20 wolf spiders
  4 alligator zombies (Swamp:2)
  An iron dragon skeleton (Crypt:1)
  6 orc sorcerers
  4 manticores
  A stone giant zombie (Crypt:3)
  6 will-o-the-wisps
  6 shining eyes
  27 ugly things
  4 cyclopes
  9 elephants (Lair:5)
  2 large abominations (Elf:1)
  A moth of wrath (shapeshifter) (Vaults:5)
  15 moths of wrath
  22 vault sentinels
  7 fire giant skeletons (Crypt:3)
  2 ice statues (IceCv)
  9 cane toads
  An elephant (shapeshifter) (Vaults:3)
  An eye of devastation (Slime:4)
  3 torpor snails
  5 molten gargoyles (D:13)
  3 smoke demons (Depths:4)
  5 black mambas
  3 orange demons
  6 gargoyles
  A cane toad (shapeshifter) (D:15)
  51 yaktaurs
  A hellion (Zot:5)
  6 freezing wraiths
  4 rime drakes
  5 komodo dragons
  6 ice devils
  An efreet (D:14)
  3 tengu conjurers
  A dire elephant skeleton (Crypt:3)
  A bunyip simulacrum (Swamp:2)
  A purple draconian skeleton (Crypt:1)
  3 guardian mummies (Crypt:3)
  3 anaconda simulacra (IceCv)
  2 red devils
  A black draconian skeleton (Crypt:2)
  A sea snake skeleton (Crypt:1)
  A wind drake (shapeshifter) (Vaults:4)
  7 meliai
  10 trolls
  7 polar bears
  2 harpy skeletons (Crypt:3)
  2 bloated husks (Swamp:4)
  3 hellwings
  11 tarantellas
  2 tarantellas (shapeshifter)
  11 blink frogs
  A radroach zombie (Crypt:2)
  8 tyrant leeches
  12 dream sheep
  An ettin zombie (Crypt:3)
  22 hornets
  A slime creature (shapeshifter) (Vaults:5)
  32 jumping spiders
  69 slime creatures
  4 flying skulls (Crypt:1)
  2 dire elephant simulacra (IceCv)
  14 culicivoras
  An ettin skeleton (Vaults:4)
  An air elemental (Elf:3)
  A spriggan (shapeshifter) (D:14)
  2 ynoxinuls
  A culicivora (shapeshifter) (Elf:3)
  A vampire (D:10)
  6 water elementals
  4 shadows (Crypt:3)
  26 spriggans
  Sigmund (D:2)
  9 fire dragon skeletons (Crypt:3)
  40 yaks
  6 wraiths
  2 fire elementals
  4 wyverns
  A neqoxec (Swamp:4)
  2 steam dragons
  6 basilisks
  A death yak simulacrum (IceCv)
  52 redbacks
  14 swamp worms
  8 vampire mosquitoes
  A glowing shapeshifter zombie (Vaults:4)
  2 harpy simulacra (IceCv)
  A two-headed ogre zombie (Crypt:2)
  3 acid dragons
  2 naga skeletons (Crypt:3)
  2 wargs (Orc:1)
  Duvessa (D:4)
  3 hydra simulacra (IceCv)
  A sky beast (shapeshifter) (Vaults:5)
  3 swamp drakes
  16 water moccasins
  3 floating eyes
  5 black bears
  A sky beast (D:7)
  A faun skeleton (Crypt:2)
  28 orc warriors
  4 ice beasts
  3 swamp dragon zombies (Swamp:2)
  A lindwurm zombie (Crypt:2)
  A manticore zombie (Crypt:2)
  35 wolves
  3 boggarts (Lair:5)
  A lindwurm skeleton (Crypt:2)
  32 ogres
  14 centaurs
  3 phantoms
  3 kobold brigands
  5 elf zombies (Elf:1)
  11 bullfrogs
  A rime drake skeleton (Crypt:2)
  2 necrophages (Crypt:2)
  A cane toad simulacrum (IceCv)
  4 jellies
  A two-headed ogre simulacrum (IceCv)
  2 earth elementals (Elf:1)
  2 small abominations
  A scorpion (D:5)
  19 wights
  Dowan (D:4)
  8 killer bees
  A spriggan zombie (Crypt:1)
  A warg skeleton (Crypt:1)
  4 howler monkeys
  A wolf zombie (Crypt:1)
  An electric eel (D:14)
  2 lava snakes (D:14)
  3 hounds
  18 orc priests
  Crazy Yiuf (D:2)
  4 sleepcaps
  Natasha (twice) (D:2)
  Terence (D:3)
  4 iguanas
  25 orc wizards
  A troll simulacrum (IceCv)
  7 hell rats
  A wolf simulacrum (IceCv)
  9 mummies (Crypt:3)
  7 gnolls
  10 adders
  A naga simulacrum (IceCv)
  A steam dragon zombie (Crypt:2)
  A shadow imp (D:6)
  14 white imps
  An ufetubus (D:6)
  2 worms (D:2)
  3 dart slugs
  115 orcs
  6 bats
  6 endoplasms
  5 giant cockroaches
  7 goblins
  5 hobgoblins
  10 jackals
  A quokka (D:1)
  4 ball pythons
  5 frilled lizards
  A frilled lizard skeleton (Crypt:2)
  18 kobolds
  8 rats
  2 spectral weapons (Elf:3)
2317 creatures vanquished.

Vanquished Creatures (collateral kills)
  Urug (Orc:2)
1 creature vanquished.

Vanquished Creatures (others)
  A fire giant (Depths:4)
  A very ugly thing (Depths:4)
  An ogre mage (Vaults:3)
  2 deep elf knights (Elf:1)
  A deep elf pyromancer (Elf:1)
  2 bloated husks
  A swamp worm (Swamp:4)
  A swamp drake (Swamp:4)
  An orc (D:7)
  14 foxfires
25 creatures vanquished.

Grand Total: 2343 creatures vanquished

Notes
Turn   | Place    | Note
-------+----------+-------------------------------------------
     0 | D:1      | RepoMan the Troll Shapeshifter began the quest for the Orb.
     0 | D:1      | Reached XP level 1. HP: 18/18 MP: 0/0
   249 | D:1      | Reached skill level 1 in Fighting
   312 | D:1      | Reached XP level 2. HP: 27/27 MP: 1/1
   972 | D:2      | Reached XP level 3. HP: 33/33 MP: 2/2
  1186 | D:2      | Noticed Sigmund
  1392 | D:2      | Found a runed translucent door.
  1393 | D:2      | Noticed Crazy Yiuf
  1548 | D:2      | Noticed Natasha
  1817 | D:4      | Found a staircase to the Ecumenical Temple.
  1826 | Temple   | Entered the Ecumenical Temple
  1867 | D:4      | Reached XP level 4. HP: 41/42 MP: 3/3
  1884 | D:4      | Noticed Dowan
  1938 | D:3      | Noticed Terence
  1966 | D:4      | Reached XP level 5. HP: 44/49 MP: 4/4
  1989 | D:3      | Noticed a black bear
  1996 | D:4      | Killed a black bear
  1997 | D:4      | Reached skill level 5 in Unarmed Combat
  1997 | D:4      | Reached skill level 4 in Shapeshifting
  2245 | D:3      | Found a faded altar of an unknown god.
  2324 | D:3      | Reached XP level 6. HP: 59/59 MP: 5/5
  2336 | D:3      | Killed Terence
  2935 | D:5      | Entered Level 5 of the Dungeon
  2968 | D:5      | Reached XP level 7. HP: 67/67 MP: 6/6
  3284 | D:5      | Found a sacrificial altar of Ru.
  3330 | D:5      | Reached skill level 5 in Shapeshifting
  3380 | D:5      | Reached XP level 8. HP: 78/78 MP: 7/7
  3707 | D:5      | Learned a level 1 spell: Apportation
  3753 | D:6      | Identified the +4 long sword of Gozag {protect, Fly}
  3947 | D:6      | Found a large runed translucent door.
  3947 | D:6      | Found a large runed translucent door.
  3948 | D:6      | Noticed Nr616's ghost (novice MiGl)
  4406 | D:6      | Reached skill level 6 in Shapeshifting
  4830 | D:7      | Reached XP level 9. HP: 69/87 MP: 8/8
  4933 | D:7      | Reached skill level 5 in Fighting
  5385 | D:4      | Noticed Duvessa
  5394 | D:4      | Killed Duvessa
  5396 | D:4      | Killed Dowan
  5481 | D:2      | Killed Sigmund
  5501 | D:2      | Killed Natasha
  5685 | D:2      | Noticed Natasha
  5688 | D:2      | Killed Natasha
  5690 | D:2      | Killed Crazy Yiuf
  5855 | D:7      | Reached skill level 10 in Unarmed Combat
  5964 | D:8      | Reached skill level 7 in Shapeshifting
  5964 | D:8      | Noticed a polar bear
  5964 | D:8      | Noticed a polar bear
  5996 | D:8      | Killed a polar bear
  6014 | D:8      | Killed a polar bear
  6020 | D:8      | Found a staircase to the Lair.
  6049 | D:8      | Noticed a cyclops
  6050 | D:8      | Noticed a rime drake
  6062 | D:8      | Reached XP level 10. HP: 98/98 MP: 9/9
  6422 | D:8      | Killed a cyclops
  6842 | D:8      | Found an iron altar of Okawaru.
  6845 | D:8      | Found an ornate altar of the Wu Jian Council.
  6849 | D:8      | Became a worshipper of the Wu Jian Council
  6853 | D:8      | Found an opulent altar of Gozag.
  7024 | D:9      | Identified the +8 whip of the Key {flame, Str+4 Int-5 SInv}
  7077 | D:9      | Paralysed by a hornet for 3 turns
  7297 | D:9      | Reached skill level 8 in Shapeshifting
  7573 | D:9      | Noticed a two-headed ogre
  7587 | D:9      | Killed a two-headed ogre
  7764 | D:9      | Noticed a two-headed ogre
  7768 | D:9      | Killed a two-headed ogre
  7769 | D:9      | Reached XP level 11. HP: 109/109 MP: 10/10
  7811 | D:10     | Entered Level 10 of the Dungeon
  7965 | D:10     | Reached * piety under Wu Jian
  8081 | D:10     | Found a staircase to the Orcish Mines.
  8095 | D:10     | Noticed Erica
  8107 | D:10     | Killed Erica
  8122 | D:10     | Found Teegy's Serpentskin Sales.
  8150 | D:10     | Bought 4 curare-tipped darts for 62 gold pieces
  8534 | D:10     | Reached ** piety under Wu Jian
  9014 | D:10     | Found a burning altar of Makhleb.
  9015 | D:10     | Noticed a two-headed ogre
  9023 | D:10     | Killed a two-headed ogre
  9024 | D:10     | Reached skill level 9 in Shapeshifting
  9460 | D:11     | Noticed Fannar
  9489 | D:11     | Killed Fannar
  9558 | D:11     | Found a shimmering blue altar of Sif Muna.
 10188 | Lair:1   | Entered Level 1 of the Lair of Beasts
 10223 | Lair:1   | Noticed a boulder beetle
 10269 | Lair:1   | Killed a boulder beetle
 10421 | Lair:1   | Reached XP level 12. HP: 102/119 MP: 11/11
 10899 | Lair:2   | Reached *** piety under Wu Jian
 11311 | Lair:2   | Noticed a four-headed hydra
 11320 | Lair:2   | Killed a four-headed hydra
 11605 | Lair:3   | Found a hole to the Spider Nest.
 11800 | Lair:3   | Found a one-way gate to the infinite horrors of the Abyss.
 11800 | Lair:3   | Noticed Tyvach's ghost (journeyman FoFi)
 11837 | Lair:3   | Reached **** piety under Wu Jian
 11838 | Lair:3   | Reached skill level 10 in Shapeshifting
 11846 | Lair:3   | Reached skill level 5 in Dodging
 12082 | Lair:3   | You fall into a shaft and drop 2 floors!
 12082 | Lair:5   | Entered Level 5 of the Lair of Beasts
 12095 | Lair:5   | Noticed a seven-headed hydra
 12097 | Lair:5   | Reached skill level 15 in Unarmed Combat
 12105 | Lair:5   | Killed a seven-headed hydra
 12201 | Lair:4   | Reached XP level 13. HP: 131/131 MP: 12/12
 12350 | Lair:4   | Found a runed translucent door.
 12548 | Lair:4   | Found a viscous altar of Jiyva.
 12705 | Lair:4   | Found a staircase to the Slime Pits.
 12720 | Lair:4   | Identified the +11 great sword "Qigoyrraziu" {heavy, rElec
                  | rN+}
 12763 | Lair:5   | Reached ***** piety under Wu Jian
 12902 | Lair:5   | Paralysed by a hornet for 1 turns
 12911 | Lair:5   | Paralysed by a hornet for 2 turns
 13378 | Lair:5   | Reached skill level 11 in Shapeshifting
 14139 | Orc:1    | Entered Level 1 of the Orcish Mines
 14141 | Orc:1    | Noticed an ettin
 14148 | Orc:1    | Killed an ettin
 14149 | Orc:1    | Reached skill level 10 in Fighting
 14286 | Orc:2    | Entered Level 2 of the Orcish Mines
 14286 | Orc:2    | Found Piuri's Jewellery Shop.
 14385 | Orc:2    | Noticed Urug
 14390 | Orc:2    | Killed Urug
 14391 | Orc:2    | Reached XP level 14. HP: 133/143 MP: 13/13
 14484 | Orc:2    | Found a runed translucent door.
 14728 | Orc:2    | Found Noijush's Antique Weapon Shop.
 14728 | Orc:2    | Found Wogheog's Jewellery Shoppe.
 14728 | Orc:2    | Found Diubima's Jewellery Shoppe.
 14728 | Orc:2    | Found Reuntat's Weapon Boutique.
 14747 | Orc:2    | Reached ****** piety under Wu Jian
 14794 | Orc:2    | Bought the amulet of Etwoefa {Spirit rPois rF+ rC+ Dex+3}
                  | for 738 gold pieces
 15001 | Orc:2    | Found a staircase to the Elven Halls.
 15261 | Orc:2    | Bought a blade talisman for 520 gold pieces
 15854 | D:12     | Reached skill level 12 in Shapeshifting
 15865 | D:12     | Found a frozen archway.
 15898 | IceCv    | Entered an ice cave
 16536 | D:12     | Reached XP level 15. HP: 121/152 MP: 10/14
 16935 | D:12     | Learned a level 2 spell: Blink
 16938 | D:12     | Learned a level 2 spell: Lesser Beckoning
 17470 | D:13     | You fall into a shaft and drop 2 floors!
 17470 | D:15     | Entered Level 15 of the Dungeon
 17791 | D:14     | Found a flickering gateway to a bazaar.
 17800 | Bazaar   | Entered a bazaar
 17808 | Bazaar   | Found Lerat's Magic Scroll Shop.
 17808 | Bazaar   | Found Hoobro's Jewellery Boutique.
 17826 | Bazaar   | Bought a scroll of teleportation for 27 gold pieces
 17826 | Bazaar   | Bought a scroll of identify for 18 gold pieces
 17828 | Bazaar   | Bought a ring of see invisible for 240 gold pieces
 18131 | D:14     | Found a gate to the Vaults.
 18406 | D:14     | Found Zemoloh's Changing Room.
 19252 | Lair:3   | Found a staircase to the Swamp.
 19355 | Lair:3   | Found the +9 staff of Olgreb {rPois∞}
 19468 | Lair:3   | Found a transporter.
 19475 | Lair:3   | Found a transporter.
 19693 | Spider:1 | Entered Level 1 of the Spider Nest
 19931 | Spider:1 | Noticed Louise
 19947 | Spider:1 | Killed Louise
 20053 | Spider:1 | Reached skill level 13 in Shapeshifting
 20283 | Spider:1 | Noticed Mlioglotl
 20286 | Spider:1 | Killed Mlioglotl
 20286 | Spider:1 | Reached XP level 16. HP: 165/165 MP: 15/15
 20346 | Spider:1 | Noticed Aizul
 20351 | Spider:1 | Killed Aizul
 20804 | Spider:2 | Noticed Arachne
 20812 | Spider:2 | Killed Arachne
 21501 | Spider:3 | Noticed Roxanne
 21812 | Spider:3 | Found the +6 Majin-Bo {spellvamp, MP+6 Int+6}
 21971 | Spider:3 | Killed Roxanne
 21997 | Spider:4 | Entered Level 4 of the Spider Nest
 22608 | Spider:4 | Got a gossamer rune of Zot
 22722 | Spider:4 | Reached skill level 14 in Shapeshifting
 22767 | Spider:4 | Reached XP level 17. HP: 163/175 MP: 2/16
 23542 | Swamp:1  | Entered Level 1 of the Swamp
 24358 | Swamp:3  | Reached skill level 15 in Shapeshifting
 24815 | Swamp:4  | Entered Level 4 of the Swamp
 25005 | Swamp:4  | Reached skill level 16 in Shapeshifting
 25110 | Swamp:4  | Reached XP level 18. HP: 185/185 MP: 15/17
 25249 | Swamp:4  | Noticed Bai Suzhen
 25257 | Swamp:4  | Killed Bai Suzhen
 25274 | Swamp:4  | Reached skill level 17 in Shapeshifting
 25315 | Swamp:4  | Got a decaying rune of Zot
 25584 | Elf:1    | Entered Level 1 of the Elven Halls
 25584 | Elf:1    | Noticed Frances
 25597 | Elf:1    | Killed Frances
 26038 | Elf:1    | Reached skill level 18 in Shapeshifting
 26054 | Elf:1    | Got a moth-eaten book
 26139 | Elf:1    | Identified the +6 dagger of Evuwer {elec, Will- MP+9 Int+7}
 26307 | Elf:1    | Found the +0 mask of the Dragon {Will+ Slay+3 SInv}
 26643 | Elf:2    | Noticed Nikola
 26652 | Elf:2    | Killed Nikola
 26713 | Elf:2    | Found a runed translucent door.
 26713 | Elf:2    | Noticed Kerestru's ghost (adept GrFi)
 26717 | Elf:2    | Found Ziastebb's General Store.
 26728 | Elf:2    | Bought a potion of invisibility for 88 gold pieces
 26728 | Elf:2    | Bought a potion of curing for 33 gold pieces
 26728 | Elf:2    | Bought a scroll of poison for 44 gold pieces
 26787 | Elf:2    | Found a runed translucent gate.
 26787 | Elf:2    | Found a runed translucent gate.
 26787 | Elf:2    | Found a runed translucent gate.
 27195 | Elf:3    | Entered Level 3 of the Elven Halls
 27198 | Elf:3    | Identified the +1 robe of the Pits of Slime {Harm}
 27310 | Elf:3    | Reached skill level 19 in Shapeshifting
 27421 | Elf:3    | Reached XP level 19. HP: 195/195 MP: 15/18
 27590 | Elf:3    | Identified the +2 robe "Wajuowom" {Harm rF+}
 27667 | Elf:3    | Noticed Asterion
 27671 | Elf:3    | Killed Asterion
 27672 | Elf:3    | Found a transporter.
 27672 | Elf:3    | Found Lojymmy's Book Shop.
 27692 | Elf:3    | Found a transporter.
 27697 | Elf:3    | Reached skill level 1 in Shields
 27993 | Elf:3    | Identified the ring of Siollobb {Fire rN+ rCorr Str-5}
 27998 | Elf:3    | Identified the +7 quarterstaff of Crawling {venom, rCorr}
 28084 | Elf:3    | Identified the +6 flail "Ciez" {speed, rN+ Str+3}
 28095 | Elf:3    | Identified the +8 trident "Licowk" {drain, rPois rF- rN+}
 28095 | Elf:3    | Identified the ring "Dontokupn" {rF+ EV+5}
 28123 | Elf:3    | Got a fuliginous book
 28161 | Elf:3    | Identified the +7 hand axe "Dragonbane" {flame, rElec rF-
                  | Str+2 Dex+2}
 28177 | Elf:3    | Identified the staff of the Burning Gods {rPois rF- rC+
                  | Dex+3 Poison}
 28239 | Elf:3    | Identified the +2 sling "Widowermaker" {heavy, rPois rC+++
                  | Str-4 Stlth+}
 28524 | Vaults:1 | Entered Level 1 of the Vaults
 28711 | Vaults:1 | Found a runed translucent gate.
 28711 | Vaults:1 | Found a runed translucent gate.
 28711 | Vaults:1 | Found a runed translucent gate.
 28712 | Vaults:1 | Noticed confidenceinterval's ghost (adept HORe)
 28728 | Vaults:1 | Reached skill level 5 in Shields
 29719 | Vaults:1 | Killed confidenceinterval's ghost
 29778 | Vaults:2 | Reached skill level 10 in Shields
 29874 | Vaults:2 | Reached XP level 20. HP: 205/205 MP: 19/19
 29915 | Vaults:2 | Found Geukhloesh's Jewellery Shop.
 29920 | Vaults:2 | Bought the ring "Wysyelug" {rPois rCorr Str+5} for 750 gold
                  | pieces
 29994 | Vaults:2 | Noticed a dread lich
 30003 | Vaults:2 | Killed a dread lich
 30041 | Vaults:2 | Identified the amulet of the Wild Haggis {Faith rN+ Dex+4}
 30159 | Vaults:2 | Identified the +5 quarterstaff of Traps {heavy, rElec
                  | Int+2}
 30839 | Vaults:3 | Found a staircase to the Crypt.
 30962 | Vaults:3 | Found Jorus's Armour Shoppe.
 31524 | Vaults:3 | Got a worn book
 31534 | Vaults:3 | Identified a scroll of acquirement
 31534 | Vaults:3 | Acquired the amulet "Kekuzi Ruong" {Acrobat rN+ Regen+}
 32191 | Vaults:4 | Reached XP level 21. HP: 214/214 MP: 20/20
 32870 | Crypt:1  | Entered Level 1 of the Crypt
 33645 | Crypt:2  | Reached skill level 20 in Shapeshifting
 34072 | Crypt:3  | Entered Level 3 of the Crypt
 34349 | Crypt:3  | Found the brooch of Shielding {Spirit SH+8}
 34712 | Crypt:3  | Identified the +4 plate armour of Classification {Will+
                  | Str+3}
 34735 | Crypt:3  | Identified the staff of Trauma {rF+ rN+ Fire}
 34813 | Crypt:3  | Noticed a dread lich
 34823 | Crypt:3  | Killed a dread lich
 35003 | Crypt:3  | Found a staircase to the Tomb.
 35009 | Crypt:3  | Noticed an ancient lich
 35015 | Crypt:3  | Killed an ancient lich
 35016 | Crypt:3  | Reached skill level 15 in Fighting
 35267 | Crypt:3  | Reached XP level 22. HP: 227/227 MP: 21/21
 35860 | D:15     | Found a staircase to the Depths.
 36357 | Orc:2    | Bought a ring of willpower for 300 gold pieces
 36543 | Depths:1 | Entered Level 1 of the Depths
 36590 | Depths:1 | Found a radiant altar of Vehumet.
 36707 | Depths:1 | You fall into a shaft and drop 1 floor!
 36837 | Depths:1 | Noticed Norris
 36844 | Depths:1 | Killed Norris
 37267 | Depths:1 | Found a one-way gate leading to the halls of Pandemonium.
 37298 | Depths:1 | Found a gateway to Hell.
 37528 | Depths:2 | Found a one-way gateway to a ziggurat.
 37538 | Depths:2 | Reached skill level 15 in Shields
 38037 | Depths:2 | Paralysed by a floating eye for 2 turns
 38117 | Depths:2 | Noticed a golden dragon
 38123 | Depths:2 | Killed a golden dragon
 38577 | Depths:3 | Found Niulam's Book Shop.
 39151 | Depths:4 | Entered Level 4 of the Depths
 39169 | Depths:4 | Reached XP level 23. HP: 237/237 MP: 19/22
 39185 | Depths:4 | Reached skill level 21 in Shapeshifting
 39559 | Depths:4 | Found Inex Pia's Book Shop.
 39560 | Depths:4 | Found Etrink's Jewellery Emporium.
 39561 | Depths:4 | Found Irimmeal's Book Shop.
 39666 | Depths:4 | Found a gate to the Realm of Zot.
 40155 | Slime:1  | Entered Level 1 of the Pits of Slime
 40228 | Slime:3  | Gained mutation: Your body sometimes deteriorates upon
                  | taking damage. [a shining eye]
 40293 | Slime:5  | Entered Level 5 of the Pits of Slime
 40293 | Slime:5  | Noticed Dissolution
 40298 | Slime:5  | Killed Dissolution
 40345 | Slime:5  | Noticed the Royal Jelly
 40360 | Slime:5  | Killed the Royal Jelly
 40401 | Slime:5  | Identified the +1 executioner's axe of the Forging Owl
                  | {spect, rF+ rC+ Int+5}
 40416 | Slime:5  | Identified the ring of Zigah {rElec rPois}
 40431 | Slime:5  | Got a slimy rune of Zot
 40433 | Slime:5  | Got a parchment book
 40442 | Slime:5  | Identified the ring "Lafo Ninum" {rElec AC+4}
 40466 | Slime:5  | Got a dusty book
 40467 | Slime:5  | Identified the ring "Zounn" {rF++ rC+ rCorr MP+9 Dex-3
                  | Stlth+}
 40500 | Slime:5  | Identified the amulet of Eskuuk {+Inv rN+ Regen+ rCorr
                  | SInv}
 41002 | Zot:1    | Entered Level 1 of the Realm of Zot
 41074 | Zot:1    | Identified the +6 hand axe "Goblinbane" {flame, rC+ rN+}
 41114 | Zot:1    | Reached skill level 22 in Shapeshifting
 41935 | Zot:2    | Reached XP level 24. HP: 253/253 MP: 22/22
 42492 | Zot:2    | Identified the +6 lajatang of Painful Death {speed, rElec
                  | rPois Will+ rCorr}
 42920 | Zot:3    | You fall into a shaft and drop 1 floor!
 43702 | Zot:4    | Reached skill level 23 in Shapeshifting
 44314 | Vaults:5 | Entered Level 5 of the Vaults
 44380 | Vaults:5 | Reached XP level 25. HP: 269/269 MP: 22/22
 44391 | Vaults:5 | Identified the ring of the Gloaming {Ice Int+2}
 44391 | Vaults:5 | Found the +3 greatsling "Punk" {acid, rCorr}
 44391 | Vaults:5 | Identified the +4 scale mail of the Wicked Slorg {+Blink
                  | Regen+ Int-4}
 44416 | Vaults:5 | Identified the staff of Law {Will+ Str+4 Dex+2 Earth}
 44428 | Vaults:5 | Identified the +1 rapier "Asahef" {holy, Drain rC+ Int+3
                  | Stlth-}
 44446 | Vaults:5 | Identified the +10 falchion of Okawaru's Condemnation
                  | {heavy, rC- Str+6}
 44447 | Vaults:5 | Identified the ring of the Ban {Fly rPois Will+}
 44482 | Vaults:5 | Noticed a dread lich
 44493 | Vaults:5 | Killed a dread lich
 44559 | Vaults:5 | Noticed a dread lich
 44563 | Vaults:5 | Killed a dread lich
 44568 | Vaults:5 | Reached skill level 24 in Shapeshifting
 44697 | Vaults:5 | Identified the ring "Xiupox" {Fire Str+5 Int+4 Stlth-}
 44698 | Vaults:5 | Noticed a dread lich
 44706 | Vaults:5 | Killed a dread lich
 44790 | Vaults:5 | Acquired 831 gold pieces
 44934 | Vaults:5 | Got a silver rune of Zot
 45095 | Vaults:5 | Identified the +9 glaive of Chaos {flame, Fragile rF+
                  | Will++ rCorr}
 45096 | Vaults:5 | Identified the +10 scale mail "Nejebbig" {rC+ Will- rCorr
                  | Int+4}
 45112 | Vaults:5 | Reached skill level 1 in Translocations
 45116 | Vaults:5 | Reached skill level 1 in Spellcasting
 45152 | Vaults:5 | Got a quivering book
 45994 | Zot:5    | Entered Level 5 of the Realm of Zot
 46307 | Zot:5    | Noticed a dread lich
 46308 | Zot:5    | Noticed an orb of fire
 46310 | Zot:5    | Noticed an ancient lich
 46311 | Zot:5    | Gained mutation: Armour fits poorly on your strangely
                  | shaped body. [an orb of fire]
 46312 | Zot:5    | Noticed an orb of fire
 46312 | Zot:5    | Killed an orb of fire
 46312 | Zot:5    | Killed a dread lich
 46316 | Zot:5    | Killed an ancient lich
 46316 | Zot:5    | Noticed a Killer Klown
 46317 | Zot:5    | Gained mutation: You occasionally lose the ability to drink
                  | potions when taking damage. [an orb of fire]
 46318 | Zot:5    | Killed an orb of fire
 46320 | Zot:5    | Noticed an ancient lich
 46320 | Zot:5    | Killed a Killer Klown
 46321 | Zot:5    | Noticed an orb of fire
 46322 | Zot:5    | Noticed an orb of fire
 46324 | Zot:5    | Killed an ancient lich
 46325 | Zot:5    | Reached skill level 5 in Translocations
 46325 | Zot:5    | Reached XP level 26. HP: 283/283 MP: 23/23
 46325 | Zot:5    | Noticed an orb of fire
 46326 | Zot:5    | Gained mutation: Your muscles are strong. (Str +4, Int/Dex
                  | -1) [an orb of fire]
 46327 | Zot:5    | Killed an orb of fire
 46328 | Zot:5    | Reached skill level 25 in Shapeshifting
 46328 | Zot:5    | Killed an orb of fire
 46328 | Zot:5    | Gained mutation: Your body often deteriorates upon taking
                  | damage. [an orb of fire]
 46329 | Zot:5    | Gained mutation: You have large cloven feet. [an orb of
                  | fire]
 46330 | Zot:5    | Killed an orb of fire
 46375 | Zot:5    | Got the Orb of Zot
 46380 | Zot:5    | Noticed an orb of fire
 46382 | Zot:5    | Noticed an orb of fire
 46382 | Zot:5    | Noticed an ancient lich
 46383 | Zot:5    | Killed an orb of fire
 46384 | Zot:5    | Noticed an orb of fire
 46386 | Zot:5    | Noticed an orb of fire
 46387 | Zot:5    | Killed an orb of fire
 46389 | Zot:5    | Killed an ancient lich
 46389 | Zot:5    | Gained mutation: Your magical capacity is low. (-10% MP)
                  | [an orb of fire]
 46391 | Zot:5    | Noticed an ancient lich
 46394 | Zot:5    | Killed an orb of fire
 46394 | Zot:5    | Killed an orb of fire
 46396 | Zot:5    | Killed an ancient lich
 46406 | Zot:5    | Noticed Nygo the pandemonium lord
 46412 | Zot:5    | Killed Nygo the pandemonium lord
 46881 | D:3      | Noticed Firimpes the pandemonium lord
 46885 | D:3      | Killed Firimpes the pandemonium lord
 46947 | D:$      | Escaped with the Orb!

Illustrated notes

Levels and vault maps discovered:
D:1:      dpeg_arrival_round_c, layout_loops_corners
D:2:      layout_loops_cross, uniq_sigmund, uniq_natasha,
          uniq_crazy_yiuf_cottage
D:3:      layout_basic, ebering_ecumenical_altar_ruins, uniq_terence
D:4:      layout_gridville, minmay_temple_entry_arrows, uniq_duvessa
D:5:      layout_gridville, mainiacjoe_overflow_surrounded_room, serial_glass,
          glass_columns_a, glass_columns_a
D:6:      minmay_angry_zag, layout_loops_ring, ebering_ghost_disaster_area
D:7:      layout_rooms, lemuel_flame_loot_1
D:8:      layout_cave_pods, grunt_temple_overflow_diamond,
          hellmonk_lair_entry_icy
D:9:      layout_roguey
D:10:     layout_loops_corners, lightli_temple_of_fire, hiddenorc2_lemuel,
          guppyfry_shop_venom, uniq_erica
D:11:     layout_loops_cross, led_sif_book, uniq_fannar
D:12:     lemuel_troll_bridge, layout_basic, portal_ice_cave_entry_imps
D:13:     layout_stronghold, minivault_8
D:14:     layout_irregular_city, david_vaults_2, serial_shops,
          bzr_entry_lakeside, nicolae_lava_and_water,
          nicolae_transmutations_shop
D:15:     hellmonk_depths_entry_around_the_bend, layout_cave_pods,
          serial_column_ruins, column_ruins_hut_ruined,
          column_ruins_square_small, column_ruins_columns_straight,
          column_ruins_grid_3, column_ruins_corridor_corner,
          minmay_misc_feat_enclosed
Temple:   nicolae_temple_bog_church
Lair:1:   layout_cave_shapes
Lair:2:   layout_roguey, infiniplex_staircase_pool_2, grunt_megastairs_5
Lair:3:   layout_big_grid, skrybe_swamp_entry_bodies,
          hellmonk_spider_entry_not_the_bees, gammafunk_ghost_abyssal_escape,
          lemuel_fruit_tree, grunt_megastairs_1
Lair:4:   layout_misc_corridors, slime_entry_2
Lair:5:   minmay_lair_end_enchanted_forest, layout_gridlike,
          serial_bayou_shore_b
Swamp:1:  layout_falls_marsh, evilmike_swamp_ruin_house_6
Swamp:2:  layout_basic_swamp, evilmike_swamp_ruin_rubble_1,
          nicolae_swamp_necromancer_hut
Swamp:3:  nicolae_swamp_tree_isthmus, layout_falls_marsh,
          evilmike_swamp_ruin_house_1
Swamp:4:  nzn_swamp_witches_coven, layout_basic_swamp, uniq_bai_suzhen
Spider:1: layout_spider_delve, nicolae_spider_checkerboard, uniq_louise,
          uniq_mlioglotl, uniq_aizul
Spider:2: layout_spider_delve, uniq_arachne
Spider:3: layout_spider_delve, uniq_roxanne
Spider:4: johnstein_spider_rune_arachne_lair, hangedman_spider_mandibles
Slime:1:  layout_caves
Slime:2:  layout_caves
Slime:3:  layout_caves
Slime:4:  cheibrodos_slime_lost_civilization_10, layout_caves
Slime:5:  slime_pit, uniq_dissolution
Orc:1:    layout_caves, minmay_orc_barracks
Orc:2:    st_orc_ogre_mass, layout_diamond_mine, serial_shops,
          nicolae_shop_stone, nicolae_orc_flooded_monolith,
          lightli_church_of_beogh, uniq_urug
Elf:1:    nicolae_elf_arrival_fired_up, layout_onion_city,
          minmay_elf_necromancy, minivault_4, uniq_frances
Elf:2:    nicolae_elf_blades_splatter_lattice [nicolae_blade_entry_pointy_end],
          layout_loops_ring, serial_shops, shop, hellmonk_ghost_big_iron,
          nicolae_elevator_lobby_plus, uniq_nikola
Elf:3:    elf_hall, layout_loops_cross, serial_shops, nicolae_shop_drivethru,
          uniq_asterion
Vaults:1: ebering_ghost_rock_garden, hangedman_vaults_trim,
          nicolae_vaults_apartment_1, v_alt_pattern_6,
          hangedman_vaults_river_flow, vaults_room_fancy_cross,
          nicolae_vaults_network_square, nicolae_vaults_theta,
          nicolae_vaults_network_s, vaults_room_semicircle,
          nicolae_vaults_minivaults, v_rooms_2, nicolae_vaults_little_squares_1,
          nicolae_vaults_hallways_thing, v_misc_17, layout_vaults_maze
Vaults:2: vaults_mumra_chevron_long, nicolae_vaults_storage_room_glass,
          nicolae_vaults_trapezoid_2, nicolae_vaults_double_plus_1,
          ontoclasm_vaults_loading_screen, nicolae_vaults_network_barrier,
          nicolae_vaults_surprise_closet, v_misc_17, v_alt_pattern_4,
          nicolae_vaults_you_can_take_it_with_you, nicolae_vaults_apartment_1,
          layout_vaults_omnicross, serial_shops, nicolae_shop_peninsula,
          serial_glass
Vaults:3: nicolae_vaults_taking_the_gang_shopping, v_misc_22,
          nicolae_vaults_little_ls, nicolae_vaults_windows_and_doors_thing,
          st_check, minmay_crypt_entry_simple_corners,
          nicolae_vaults_trapezoid_layered, nicolae_vaults_octothorpe,
          hangedman_vaults_cutoff, vaults_room_grunt_arrival_ludios, v_misc_31,
          nicolae_vaults_big_ls, nicolae_vaults_trapezoid_lopsided_3,
          layout_vaults_omnibox
Vaults:4: v_misc_16, nicolae_vaults_house_2, kb_rosetta, ontoclasm_vaults_fault,
          nicolae_vaults_storage_closets_2, nicolae_vaults_diamond_1,
          layout_vaults_quadrants
Vaults:5: serial_shops
Crypt:1:  layout_chaotic_city, grunt_ministairs_10, grunt_crypt_arrival_split
Crypt:2:  layout_gridlike
Crypt:3:  quadcrypt_mu
Depths:1: layout_gridville, nicolae_hexahallways, pan_entry, pf_coc_iceberg,
          abyss_entry_small_statue_room, fiery_altar_vehumet, uniq_norris
Depths:2: lemuel_traditional_vault, layout_gridlike, enter_ziggurat_e,
          rand_demon_pan_entry_1, hangedman_abyss_entry_splay,
          nicolae_figureground_sparkle, pf_hell_entry_tar_spiral,
          minmay_staircase_windowed_large
Depths:3: minmay_the_grid_square_5x5_3x3
          [minmay_the_grid_square_5x5_sharp_hourglass,
          minmay_the_grid_square_5x5_spiral,
          minmay_the_grid_square_5x5_one_wall,
          minmay_the_grid_square_5x5_longway,
          minmay_the_grid_square_5x5_megaprize_hollow,
          minmay_the_grid_square_5x5_mess, minmay_the_grid_square_5x5_v,
          minmay_the_grid_square_5x5_gyroscope,
          minmay_the_grid_square_5x5_inner_z], layout_cave_pools,
          hangedman_abyss_or_decor_stagger, serial_shops, nicolae_stop_n_shop_2,
          hell_entry, abyss_entry_crystal, firewood_loft
Depths:4: evilmike_zot_entry_round, layout_basic,
          chequers_serial_rivers_micro_d, abyss_entry, lightli_too_deep,
          lemuel_nasty_fountain, minmay_shop_grove
Zot:1:    layout_cathedral_of_symmetry, hangedman_zot_decor_unnerving_road,
          grunt_ministairs_7
Zot:2:    kennysheep_blocky_hall, layout_cathedral_of_symmetry
Zot:3:    layout_concentric_octagons
Zot:4:    layout_misc_corridors
Zot:5:    layout_gridlike

Skill      XL: |  1  2  3  4  5  6  7  8  9 10 11 12 13 14 15 16 17 18 19 20 21 22 23 24 25 26 |
---------------+-------------------------------------------------------------------------------+-----
Fighting       | 1 2 3 4 6 7 8 9 10 11 12 13 14 15 17 19 20 21 | 21.2
Unarmed Combat | 4 5 6 7 8 10 12 13 15 16 17 19 20 21 22 23 24 | 24.4
Shapeshifting  | 4 5 6 7 8 9 10 11 12 13 14 16 19 20 22 23 24 25 | 25.5
Dodging        | 3 5 7 8 9 |  9.9
Shields        | 10 13 14 15 16 | 16.6
Translocations | 5 |  5.5
Spellcasting   | 1 |  1.1

Action                     |  1- 3 |  4- 6 |  7- 9 | 10-12 | 13-15 | 16-18 | 19-21 | 22-24 | 25-27 || total
---------------------------+-------+-------+-------+-------+-------+-------+-------+-------+-------++-------
  Melee: Unarmed           |    91 |    73 |   213 |   530 |   907 |   938 |  1070 |  1218 |   475 ||  5515
         Punch             |     2 |     1 |    11 |    13 |    63 |    76 |    11 |       |       ||   177
         Maw               |       |       |       |     5 |   197 |    49 |       |       |       ||   251
         Constrict         |       |       |       |    38 |    25 |       |       |       |       ||    63
         Kick              |       |       |       |       |       |       |       |       |    46 ||    46
   Fire: Sling             |     3 |       |       |       |       |       |       |       |       ||     3
  Throw: Stone             |     9 |       |     5 |       |       |       |       |       |       ||    14
         Dart              |     2 |     7 |    35 |    14 |    24 |     3 |       |       |       ||    85
         Large rock        |       |       |       |    11 |     1 |       |       |       |       ||    12
   Cast: Apportation       |       |       |       |       |       |       |       |       |     2 ||     2
 Invoke: Serpent's Lash    |       |       |       |     1 |    15 |    19 |     7 |     7 |     5 ||    54
         Heavenly Storm    |       |       |       |       |       |       |       |     2 |     1 ||     3
Ability: Lunge             |       |       |       |    54 |   169 |   110 |   147 |   118 |    44 ||   642
         Whirlwind         |       |       |       |    15 |   174 |   224 |   228 |   377 |   180 ||  1198
         Wall Jump         |       |       |       |       |    19 |    37 |    23 |    16 |     8 ||   103
  Evoke: Wand              |       |     3 |     8 |    14 |     5 |     6 |       |       |    13 ||    49
         Lightning rod     |       |       |       |     9 |    12 |       |       |     1 |     3 ||    25
         Condenser vane    |       |       |       |     1 |     2 |     2 |       |       |       ||     5
         Phantom mirror    |       |       |       |       |     3 |     2 |       |     1 |       ||     6
         Phial of floods   |       |       |       |       |       |       |       |     1 |       ||     1
    Use: Scroll            |       |     1 |     6 |     5 |     8 |     7 |     9 |     5 |     8 ||    49
         Potion            |       |       |       |     5 |     7 |     2 |     1 |     4 |    12 ||    31
   Stab: Sleeping          |     2 |       |       |       |     1 |     2 |       |     3 |     2 ||    10
         Paralysed         |       |       |     7 |     1 |       |       |       |       |       ||     8
         Confused          |       |       |       |       |     1 |       |       |       |       ||     1
         Distracted        |       |       |       |       |       |     1 |       |     1 |       ||     2
 Armour: Animal skin       |    35 |    53 |   146 |    78 |       |       |       |       |       ||   312
         Skin              |       |       |       |   140 |   384 |   710 |   445 |   673 |   295 ||  2647
         Robe              |       |       |       |    75 |    37 |       |       |       |       ||   112
  Dodge: Dodged            |    24 |    28 |    54 |   140 |   251 |   415 |   418 |   510 |   122 ||  1962
         Repelled          |       |       |       |       |    14 |    31 |    11 |    14 |     2 ||    72
  Block: Other             |       |       |       |    64 |     4 |       |       |       |       ||    68
         Reflection        |       |       |       |     3 |       |       |       |       |       ||     3
         Kite shield       |       |       |       |       |       |       |   342 |   534 |   183 ||  1059
         Form:             |       |       |       |     4 |     2 |       |       |       |       ||     6
         Anaconda          |       |       |       |     2 |     2 |       |       |       |       ||     4
         Maw               |       |       |       |     1 |     3 |       |       |       |       ||     4
         Flux              |       |       |       |     1 |       |       |       |       |       ||     1
         Blade             |       |       |       |       |     1 |       |       |       |       ||     1
         Statue            |       |       |       |       |       |     1 |       |       |       ||     1

Table legend: (Time is in decaauts)
 A = Elapsed time spent in this place.
 B = Non-inter-level travel time spent in this place.
 C = Inter-level travel time spent in this place.
 D = Time resting spent in this place.
 E = Time spent auto-exploring this place.
 F = Levels seen in this place.
 G = Mean time per level.
                   A        B        C        D        E       F      G
               +--------+--------+--------+--------+--------+-----+--------+
         Total |  58375 |  52437 |   5938 |   2796 |  29070 |  58 | 1006.5 |
       Dungeon |  15991 |  13603 |   2388 |    741 |   8044 |  15 | 1066.1 |
        Temple |      1 |      1 |      0 |      0 |      0 |   1 |    1.0 |
          Lair |   4788 |   4123 |    665 |    543 |   1995 |   5 |  957.6 |
         Swamp |   2740 |   2602 |    138 |     96 |   1383 |   4 |  685.0 |
   Spider Nest |   4404 |   4184 |    220 |    835 |   1984 |   4 | 1101.0 |
    Slime Pits |    683 |    682 |      1 |      0 |     15 |   5 |  136.6 |
  Orcish Mines |   1965 |   1513 |    452 |     38 |    664 |   2 |  982.5 |
   Elven Halls |   4086 |   3793 |    293 |    173 |   2251 |   3 | 1362.0 |
        Vaults |   8630 |   8152 |    478 |     87 |   4692 |   5 | 1726.0 |
         Crypt |   3728 |   3540 |    188 |      7 |   2092 |   3 | 1242.7 |
        Depths |   5460 |   4823 |    637 |    116 |   2815 |   4 | 1365.0 |
           Zot |   5469 |   4994 |    475 |     91 |   3133 |   5 | 1093.8 |
        Bazaar |     36 |     36 |      0 |      0 |      0 |   1 |   36.0 |
      Ice Cave |    388 |    388 |      0 |     67 |      0 |   1 |  388.0 |
               +--------+--------+--------+--------+--------+-----+--------+

Top non-repeatable levels by time:
Vaults:5: 2010 daAuts
 Crypt:3: 1879 daAuts
Vaults:1: 1875 daAuts
Spider:4: 1867 daAuts
Depths:2: 1764 daAuts
    D:15: 1759 daAuts
    D:10: 1692 daAuts
   Elf:3: 1636 daAuts
   Elf:1: 1604 daAuts
Vaults:2: 1594 daAuts
Vaults:4: 1583 daAuts
Vaults:3: 1566 daAuts
   Zot:2: 1448 daAuts
Depths:1: 1426 daAuts
   Orc:2: 1335 daAuts
